 Dungeon Crawl Stone Soup version 0.29.0-13-gc9e81de378 (webtiles) character file.

Game seed: 11006463662602429341

310 Ofeo the Conjurer (level 7, -8/50 HPs)
             Began as a Meteoran Conjurer on Sept 9, 2022.
             Mangled by an orc warrior
             ... wielding a +0 battleaxe
              (20 damage)
             ... on level 6 of the Dungeon.
             The game lasted 00:06:38 (627 turns).

Ofeo the Conjurer (Meteoran Conjurer)                Turns: 627, Time: 00:06:39

Health: -8/50      AC:  5    Str:  9    XL:     7   Next: 1%
Magic:  8/14       EV: 13    Int: 21    God:
Gold:   64         SH:  0    Dex: 13    Spells: 12/15 levels left

rFire   . . .      SeeInvis .   g - +1 whip (elec)
rCold   . . .      Faith    .   (no shield)
rNeg    . . .      Spirit   .   a - +0 robe
rPois   +          Reflect  .   f - +0 helmet
rElec   .          Harm     .   (no cloak)
rCorr   .          Rampage  .   d - +1 pair of gloves of Hysteria {rPois Stlth+}
Will    .....                   (no boots)
Stlth   ++........              (no amulet)
HPRegen 0.16/turn               (no ring)
MPRegen 0.14/turn               (no ring)

@: glowing
A: sense surroundings 1, otherworldly, glowing, explore regen
a: no special abilities


You were on level 6 of the Dungeon.
You visited 1 branch of the dungeon, and saw 6 of its levels.

You collected 64 gold pieces.

Inventory:

Hand Weapons
 g - a +1 whip of electrocution (weapon)
Armour
 a - a +0 robe (worn)
 d - the +1 pair of gloves of Hysteria (worn) {rPois Stlth+}
   (You found it on level 4 of the Dungeon)

   rPois:     It protects you from poison.
   Stlth:     It makes you more stealthy.
 f - a +0 helmet (worn)
Magical Staves
 h - a staff of poison
Scrolls
 i - 4 scrolls of identify {@r1}
Potions
 b - 2 potions of magic


   Skills:
 + Level 0.0 Fighting
 + Level 4.4 Dodging
 - Level 2.9 Stealth
 + Level 4.6 Spellcasting
 + Level 6.1 Conjurations


You had 12 spell levels left.
You knew the following spells:

 Your Spells              Type           Power      Damage    Failure   Level
a - Magic Dart            Conj           100%       1d8       1%          1
b - Searing Ray           Conj           60%        2d6       1%          2

Your spell library contained the following spells:

 Spells                   Type           Power      Damage    Failure   Level
 Dazzling Flash           Conj/Hex       34%        N/A       10%         3
 Fulminant Prism          Conj/Hex       8%         3d7       32%         4
 Iskenderun's Mystic Bla  Conj/Tloc      17%        2d5       32%         4


Dungeon Overview and Level Annotations

Branches:
Dungeon (6/15) Zot: 2972
 Temple: D:4-7

Altars:
Qazlal
Xom

Annotations:
D:3 Grinder


Innate Abilities, Weirdness & Mutations

You passively map a small area around you.
You are easily found by Zot.
You glow in the dark.
You regain HP and MP as you explore.


Message History

Aim: an orc, wielding a +0 hand axe and wearing a +0 leather armour (79% to hit)
The searing ray hits the orc warrior.
The orc warrior is lightly wounded.
The searing ray hits the orc!
You kill the orc!
The searing ray hits the orc!
You kill the orc! (Press . to maintain the ray.)
You now have 9/14 mp.
The orc warrior closely misses you. The orc attacks as you move away!
The orc hits you with a +0 flail! The orc is attracted toward you.
You take 7 damage, and have 29/50 hp.
The orc attacks as you move away! The orc hits you with a +0 flail!
You take 9 damage, and have 20/50 hp.
The orc attacks as you move away! The orc hits you but does no damage.
The orc warrior jeers repeatedly, in orcish tradition.
You see here a black bear corpse.
Okay, then.
As you read the scroll labelled MUEHAX SATAS, it crumbles to dust.
It is a scroll of identify.
You don't have any unidentified items.
i - 4 scrolls of identify The orc warrior hits you with a +0 battleaxe!
* * * LOW HITPOINT WARNING * * *
You feel less attractive to monsters.
You take 9 damage, and have 11/50 hp.
Okay, then.
Casting: Searing Ray (safe; 1% risk of failure)
Confirm with . or Enter, or press ? or * to list all spells.
Aiming: Searing Ray (safe; 1% risk of failure)
Press: ? - help, Shift-Dir - straight line, f - orc
Aim: an orc, wielding a +0 flail (79% to hit)
The searing ray hits the orc warrior.
The orc warrior is moderately wounded.
The searing ray hits the orc!
You kill the orc! (Press . to maintain the ray.)
The orc warrior hits you with a +0 battleaxe!!
You die...

#...##
#.........# ,
..###
##.........##
, , .##
#...........#
* , ##
#...........#
#
#..........##
,
#.........##
# ##........#
# #........#
, #
##.....#@##
.#*
#....###o## *
. ..# ##..##
#).## ยง ..#
### ##..##
,.. ..#
##..## ..# .#
##..#### *#.#
# *
#.....####.#*
##..........#
*
#...####)).##


You could see an orc warrior.

Vanquished Creatures
  A black bear (D:6)
  An orc priest (D:5)
  A gnoll bouda (D:4)
  3 iguanas
  2 adders
  An ufetubus (D:5)
  A dart slug (D:4)
  11 orcs
  2 ball pythons
  11 bats
  4 endoplasms
  2 giant cockroaches
  A goblin (D:4)
  2 hobgoblins
  4 jackals
  2 kobolds (D:3)
  3 rats
52 creatures vanquished.

Vanquished Creatures (others)
  A giant cockroach (D:4)
  A plant (D:5)
2 creatures vanquished.

Grand Total: 54 creatures vanquished

Notes
Turn   | Place    | Note
-------+----------+-------------------------------------------
     0 | D:1      | Ofeo the Meteoran Conjurer began the quest for the Orb.
     0 | D:1      | Reached XP level 1. HP: 14/14 MP: 5/5
   114 | D:2      | Found a stormy altar of Qazlal.
   126 | D:2      | Reached XP level 2. HP: 20/20 MP: 2/6
   133 | D:2      | Found a faded altar of an unknown god.
   163 | D:3      | Reached skill level 5 in Conjurations
   172 | D:2      | Learned a level 2 spell: Searing Ray
   186 | D:4      | Found a shimmering altar of Xom.
   186 | D:4      | Noticed a phantom
   206 | D:4      | Reached XP level 3. HP: 7/26 MP: 1/9
   206 | D:4      | Reached XP level 4. HP: 9/33 MP: 1/10
   228 | D:3      | Noticed Grinder
   303 | D:3      | Reached XP level 5. HP: 38/38 MP: 7/11
   339 | D:4      | Identified the +1 pair of gloves of Hysteria {rPois Stlth+}
   453 | D:5      | Entered Level 5 of the Dungeon
   476 | D:5      | Reached XP level 6. HP: 42/45 MP: 4/13
   581 | D:6      | Noticed a black bear
   602 | D:6      | Killed a black bear
   603 | D:6      | Reached skill level 6 in Conjurations
   603 | D:6      | Reached XP level 7. HP: 34/50 MP: 6/14
   627 | D:6      | Mangled by an orc warrior

Illustrated notes

Levels and vault maps discovered:
D:1:      lightli_arrival_chessboard, layout_loops_cross
D:2:      layout_loops_ring, basic_altar,
          hellmonk_ecumenical_altar_slurped_away, minmay_tromino_mix6
D:3:      layout_rooms, minmay_rat_hole, uniq_grinder, uniq_sigmund
D:4:      layout_loops_ring, kennysheep_little_box, xom_confusion_cloud
D:5:      layout_basic, jmf_multi_god_temple,
          minmay_temple_entry_gardened_gates, serial_shops,
          nicolae_shop_overgrown_old_shop, gammafunk_ghost_arena,
          uniq_eustachio, uniq_duvessa
D:6:      layout_cave_pods, serial_shops, nicolae_shop_trees,
          minmay_misc_feat_rugged, glass_columns_a, roderic_batcave,
          hangedman_decor_riveting, uniq_edmund

Skill      XL: |  1  2  3  4  5  6 |
---------------+-------------------+-----
Conjurations   | 5 6 |  6.1
Spellcasting   | 3 4 |  4.6
Dodging        | 3 4 |  4.4
Stealth        | 2 |  2.9

Action                   |  1- 3 |  4- 6 |  7- 9 || total
-------------------------+-------+-------+-------++-------
Melee: Unarmed           |       |     6 |       ||     6
       Whip              |       |     1 |       ||     1
 Cast: Magic Dart        |    15 |    12 |       ||    27
       Searing Ray       |     1 |    16 |     2 ||    19
  Use: Potion            |     2 |     1 |       ||     3
       Scroll            |       |     1 |     1 ||     2
Armor: Robe              |     4 |    28 |     1 ||    33
Dodge: Dodged            |     6 |    59 |     2 ||    67
